Map: Dasan Station LE

Players

Elazer

  • Race: Zerg Zerg

TYTY (TY) - Winner!

  • Race: Terran Terran

Event: 2016 WCS Global Finals

VOD

Have the link to the VOD?

Description

Time

  • Played on: Oct. 29, 2016, 2:21 p.m.
  • Length: 3:22

All games in this series

Show
View Real Time Build Order
Export as new Build Order

Elazer Zerg 

Build Orders: Hatch First 

Get SALT Encoding   

  12  0:27  Hatchery  
  11  0:31  Drone  
  12  0:35  Drone  
  13  0:55  Spawning Pool  
  12  0:58  Drone  
  12  1:03  Drone  
  14  1:42  Spine Crawler  
  14  1:43  Spine Crawler x2, Queen  
  13  1:48  Zergling x2  
  13  1:53  Zergling x2  
  15  1:58  Zergling x2  
  16  2:03  Zergling x2  
  17  2:11  Zergling x2  
  18  2:35  Overlord  
  18  2:36  Queen  
  18  2:55  Zergling x6  
  18  2:59  Zergling x6  
Show
View Real Time Build Order
Export as new Build Order

TYTY Terran - Winner!

Build Orders:  

Get SALT Encoding   

  12  0:00  SCV  
  13  0:12  SCV  
  14  0:17  Supply Depot  
  14  0:24  SCV  
  15  0:38  SCV  
  15  0:40  Barracks  
  16  0:43  Refinery  
  16  0:50  SCV  
  17  1:02  Barracks  
  17  1:03  SCV  
  18  1:15  SCV  
  19  1:27  Reaper  
  19  1:29  Barracks  
  20  1:35  Orbital Command  
  20  1:47  Supply Depot  
  20  1:50  Reaper  
  21  1:55  Bunker  
  21  1:58  Supply Depot  
  21  2:04  Reaper  
  22  2:15  SCV  
  22  2:22  Refinery  
  22  2:23  Reaper  
  22  2:28  SCV  
  22  2:29  Supply Depot, Marine  
  25  2:38  Bunker  
  25  2:40  SCV  
  26  2:45  Reaper  
  28  3:01  SCV  
Tags
 
Add a new tag
Caveats
  • Supply blocks, unpowered buildings, or Contaminate may cause inaccurate times.
  • Supply counts are checked every 10 seconds.